 Dungeon Crawl Stone Soup version 0.20.1-1-g8b1a95d (webtiles) character file.

44 Linguinho the Sneak (level 3, 0/16 HPs)
             Began as a Spriggan Enchanter on Oct 31, 2017.
             Slain by Sigmund
             ... wielding a cursed +0 scythe
              (13 damage)
             ... on level 2 of the Dungeon.
             The game lasted 00:03:15 (1012 turns).

Linguinho the Sneak (Spriggan Enchanter)            Turns: 1012, Time: 00:03:16

Health: 0/16       AC:  2    Str:  4    XL:     3   Next: 39%
Magic:  1/8        EV: 18    Int: 16    God:
Gold:   94         SH:  0    Dex: 17    Spells: 4/7 levels left

rFire    . . .     SeeInvis +   a - +1 dagger
rCold    . . .     Gourm    .   (shield restricted)
rNeg     . . .     Faith    .   b - +0 robe
rPois    .         Spirit   .   (helmet restricted)
rElec    .         Reflect  .   (no cloak)
rCorr    .         Harm     .   (gloves unavailable)
MR       .....                  (boots unavailable)
Stlth    +++.......             (no amulet)
Regen    0.1/turn               (no ring)
MPRegen  0.2/turn               (no ring)

@: very slightly contaminated, very quick
A: unfitting armour, see invisible, herbivore 3, speed 3, slow metabolism 2
a: no special abilities


You were on level 2 of the Dungeon.
You were not hungry.

You visited 1 branch of the dungeon, and saw 2 of its levels.

You collected 94 gold pieces.

Inventory:

Hand Weapons
 a - a +1 dagger (weapon)
Armour
 b - a +0 robe (worn)
Scrolls
 e - 3 scrolls of identify {unknown}
 f - a scroll of immolation {unknown}
 h - a scroll of noise {unknown}
Potions
 g - 2 potions of curing {unknown}
Books
 c - a book of Maledictions

   Spells                             Type                      Level
   a - Corona                         Hexes                        1
   b - Ensorcelled Hibernation        Hexes/Ice                    2
   c - Confuse                        Hexes                        3
   d - Tukima's Dance                 Hexes                        3
   e - Dazzling Spray                 Conjuration/Hexes            3
Comestibles
 d - 3 bread rations


   Skills:
 + Level 0.2 Fighting
 + Level 1.3 Short Blades
 + Level 3.2 Dodging
 + Level 5.4 Stealth
 + Level 2.9 Spellcasting
 + Level 4.3 Hexes


You had 4 spell levels left.
You knew the following spells:

 Your Spells              Type           Power        Failure   Level  Hunger
a - Corona                Hex            ###....      3%          1    #......
b - Ensorcelled Hibernat  Hex/Ice        #.....       12%         2    ##.....


Dungeon Overview and Level Annotations

Branches:
Dungeon (2/15)

Altars:

Annotations:
D:2 Sigmund


Innate Abilities, Weirdness & Mutations

You are very small and have problems with some larger weapons.
You are too small for most types of armour.
You have supernaturally acute eyesight. (SInv)
You are a herbivore.
You cover ground extremely quickly.
You need consume almost no food.


Message History

Aiming: Ensorcelled Hibernation
Press: ? - help, Shift-Dir - straight line, f/p - Sigmund
Aim: Sigmund, wielding a scythe and wearing a robe (severely wounded, not susceptible) Sigmund is unaffected.
Sigmund misses you.
Casting: Ensorcelled Hibernation
Confirm with . or Enter, or press ? or * to list all spells.
Aiming: Ensorcelled Hibernation
Press: ? - help, Shift-Dir - straight line, f/p - Sigmund
Aim: Sigmund, wielding a scythe and wearing a robe (severely wounded, not susceptible) Sigmund is unaffected.
Sigmund completely misses you.
You closely miss Sigmund.
Sigmund is severely wounded.
You hit Sigmund.
Sigmund is severely wounded.
Sigmund hits you with a scythe.
You completely miss Sigmund.
Sigmund is severely wounded.
Sigmund hits you with a scythe!
Ouch! That really hurt!
You die...

........# #.# ........#
#.# (....#.######.##
...............##
.......######...# #######
##.....# #.#.##.......#
#.....# #.#.##.......#
.......######.#.@#.......#
................@.........
....##########.#.#.......#
.... #................#
.... ####.......#........#
.... #....................
### #...........)######.#
#............#
#....###...#.## #....#
#...#..#


You could see Sigmund.

Vanquished Creatures
  An adder (D:2)
  An ooze (D:1)
  A leopard gecko (D:1)
  2 ball pythons
  A bat (D:1)
  3 giant cockroaches (D:1)
  4 hobgoblins (D:1)
  4 jackals (D:1)
  A frilled lizard (D:1)
  2 goblins (D:1)
  3 kobolds (D:1)
  5 rats (D:1)
28 creatures vanquished.

Notes
Turn   | Place    | Note
-------+----------+-------------------------------------------
     0 | D:1      | Linguinho the Spriggan Enchanter began the quest for the Orb.
     0 | D:1      | Reached XP level 1. HP: 9/9 MP: 5/5
   242 | D:1      | Reached XP level 2. HP: 13/13 MP: 6/6
   268 | D:1      | Learned a level 2 spell: Ensorcelled Hibernation
   509 | D:1      | Reached skill level 5 in Stealth
   674 | D:1      | Reached XP level 3. HP: 13/16 MP: 6/8
   957 | D:2      | Noticed Sigmund
  1012 | D:2      | Slain by Sigmund

Skill      XL: |  1  2 |
---------------+-------+-----
Hexes          | 4 |  4.3
Stealth        | 5 |  5.4
Fighting       | |  0.2
Short Blades   | |  1.3
Dodging        | |  3.2
Spellcasting   | |  2.9

Action                   || total
-------------------------++-------
Melee: Dagger            ||   100
 Cast: Corona            ||    14
       Ensorcelled Hiber ||    14
 Stab: Sleeping          ||    15
       Distracted        ||     1
Armor: Robe              ||     5
Dodge: Dodged            ||    90
